 Dungeon Crawl Stone Soup version 0.29.1-1-gd02db6906a (webtiles) character file.

Game seed: 373502476772951757

142 safid the Shooter (level 5, 0/45 HPs)
             Began as a Minotaur Hunter on Oct 5, 2022.
             Slain by a black bear (5 damage)
             ... on level 3 of the Dungeon on Oct 6, 2022.
             The game lasted 00:02:19 (2068 turns).

safid the Shooter (Minotaur Hunter)                 Turns: 2068, Time: 00:02:20

Health: 0/45       AC:  3    Str: 16    XL:     5   Next: 3%
Magic:  4/4        EV: 12    Int:  6    God:
Gold:   79         SH:  0    Dex: 15    Spells: 4/4 levels left

rFire   . . .      SeeInvis .   a - +0 shortbow
rCold   . . .      Faith    .   (shield currently unavailable)
rNeg    . . .      Spirit   .   c - +0 leather armour
rPois   .          Reflect  .   (helmet restricted)
rElec   .          Harm     .   (no cloak)
rCorr   .          Rampage  .   (no gloves)
Will    .....                   (no boots)
Stlth   +.........              (no amulet)
HPRegen 0.15/turn               (no ring)
MPRegen 0.09/turn               (no ring)

@: no status effects
A: horns 2, retaliatory headbutt
a: no special abilities


You were on level 3 of the Dungeon.
You visited 1 branch of the dungeon, and saw 3 of its levels.

You collected 79 gold pieces.

Inventory:

Hand Weapons
 a - a +0 shortbow (weapon)
Armour
 c - a +0 leather armour (worn)
Scrolls
 b - a scroll of immolation
 e - 2 scrolls of butterflies {unknown}
 g - 2 scrolls of teleportation {unknown}
Potions
 d - a potion of degeneration {unknown}
 f - 2 potions of heal wounds {unknown}
 h - a potion of curing {unknown}
 i - a potion of mutation {unknown}
 j - a potion of brilliance {unknown}
 k - a potion of resistance {unknown}


   Skills:
 - Level 3.0 Fighting
 + Level 6.8 Ranged Weapons
 - Level 2.1 Dodging
 - Level 0.7 Stealth


You had 4 spell levels left.
You didn't know any spells.
Your spell library was empty.

Dungeon Overview and Level Annotations

Branches:
Dungeon (3/15)

Altars:

Annotations:
D:2 1 runed translucent door, Crazy Yiuf


Innate Abilities, Weirdness & Mutations

You have a pair of horns on your head.
You reflexively headbutt those who attack you in melee.


Message History

No target in view!
No target in view!
Things that are here:
a +0 club; a goblin corpse
Found a stone staircase leading down.
No target in view!
No target in view!
Found a knobbly smoking staff.
You shoot an arrow. The arrow hits the black bear.
The black bear is lightly wounded.
You shoot an arrow. The arrow hits the black bear!
The black bear is heavily wounded.
The black bear closely misses you.
The black bear claws you but does no damage.
The black bear barely misses you.
You shoot an arrow. The arrow hits the black bear!
The black bear is severely wounded.
The black bear goes berserk!
You shoot an arrow. The arrow barely misses the black bear.
The black bear completely misses you. You furiously retaliate!
You headbutt the black bear! The black bear closely misses you.
The black bear claws you. The black bear bites you. The black bear claws you.
The black bear barely misses you.
You shoot an arrow. The arrow barely misses the black bear.
The black bear bites you! The black bear claws you. x2
The black bear bites you!
* * * LOW HITPOINT WARNING * * *
The black bear claws you but does no damage.
The black bear claws you.
* * * LOW HITPOINT WARNING * * *
Fire: a) +0 shortbow
Press: ? - help, Q - select action Shift-Dir - straight line, f/p - black bear
Aim: a black bear (almost dead, berserk, 70% to hit)
You shoot an arrow.
The arrow hits the black bear but does no damage.
The black bear is almost dead.
The black bear bites you.
* * * LOW HITPOINT WARNING * * *
The black bear claws you.
You die...

#...# #. ####.# #...#
#.##....# #<..#
#.......#
####...#####..#.##.#
..))...............#
..............#....#
..............###..##.#
####...##.#...........#
#...##.###...@..###
#...##.....###h##
.....####### .# #....#
.# |. .# .# ..


You could see a black bear (berserk).

Vanquished Creatures
  Terence (D:2)
  3 gnolls (D:3)
  2 adders (D:2)
  A worm (D:2)
  9 bats
  7 endoplasms
  2 giant cockroaches
  6 goblins
  7 hobgoblins
  8 jackals
  6 kobolds
  A quokka (D:1)
  3 frilled lizards
  5 rats
61 creatures vanquished.

Notes
Turn   | Place    | Note
-------+----------+-------------------------------------------
     0 | D:1      | safid the Minotaur Hunter began the quest for the Orb.
     0 | D:1      | Reached XP level 1. HP: 18/18 MP: 0/0
   275 | D:1      | Reached XP level 2. HP: 25/25 MP: 1/1
   425 | D:1      | Reached skill level 5 in Ranged Weapons
   658 | D:1      | Reached XP level 3. HP: 31/31 MP: 2/2
  1367 | D:2      | Reached skill level 6 in Ranged Weapons
  1367 | D:2      | Reached XP level 4. HP: 38/38 MP: 3/3
  1436 | D:2      | Found a runed translucent door.
  1437 | D:2      | Noticed Crazy Yiuf
  1479 | D:2      | Noticed Terence
  1490 | D:2      | Killed Terence
  1658 | D:2      | Found a faded altar of an unknown god.
  1931 | D:3      | Noticed a black bear
  1983 | D:3      | Reached XP level 5. HP: 42/45 MP: 4/4
  2068 | D:3      | Slain by a black bear

Illustrated notes

Levels and vault maps discovered:
D:1:      amcnicky_arrival_flooded_fountain, layout_basic, serial_bayou_ford_a
D:2:      minmay_wonky_spiral, layout_loops_cross,
          chequers_ecumenical_altar_simple_redux, kennysheep_small_spiral,
          wad_floor_pattern_untrapped, st_stairs_13, uniq_terence,
          uniq_crazy_yiuf_cottage
D:3:      layout_loops_cross, lightli_temple_of_fire, serial_shops, shop

Skill      XL: |  1  2  3 |
---------------+----------+-----
Fighting       | 3 |  3.0
Ranged Weapons | 5 6 |  6.8
Dodging        | |  2.1
Stealth        | |  0.7

Action                   |  1- 3 |  4- 6 || total
-------------------------+-------+-------++-------
 Fire: Shortbow          |   107 |    55 ||   162
Armor: Leather armour    |    14 |     6 ||    20
Dodge: Dodged            |    28 |    21 ||    49
